 Dungeon Crawl Stone Soup version 0.19.1 (webtiles) character file.

129 Malachi the Poker (level 5, -2/58 HPs)
             Began as a Merfolk Gladiator on Nov 25, 2016.
             Killed by divine providence
             ... invoked by an orc priest
              (11 damage)
             ... on level 3 of the Dungeon.
             The game lasted 00:02:52 (2559 turns).

Malachi the Poker (Merfolk Gladiator)               Turns: 2559, Time: 00:02:52

Health: -2/58      AC: 22    Str: 15    XL:     5   Next: 12%
Magic:  5/5        EV:  2    Int:  7    God:
Gold:   155        SH:  0    Dex: 16    Spells: 0 memorised, 4 levels left

rFire  . . .     SeeInvis .     a - +0 trident
rCold  . . .     Gourm    .     (armour currently unavailable)
rNeg   + + +     Faith    .     (no shield)
rPois  +         Spirit   .     (helmet currently unavailable)
rElec  .         Reflect  .     (cloak currently unavailable)
rCorr  .         Harm     .     (gloves currently unavailable)
MR     .....     NoTele   +     (boots currently unavailable)
Stlth  +.........               (no amulet)
                                p - ring of poison resistance
                                (no ring)

@: tree-form
A: (change form in water), (swift swim), (stealthy swim)
a: no special abilities


You were on level 3 of the Dungeon.
You were very hungry.
You were a tree.
You visited 1 branch of the dungeon, and saw 3 of its levels.

You collected 155 gold pieces.

Inventory:

Hand Weapons
 a - a +0 trident (weapon)
 e - a +1 falchion of venom
Missiles
 d - 3 throwing nets (quivered)
Armour
 b - a +0 leather armour (melded)
 c - a +0 helmet (melded)
 r - a +1 cloak (melded)
Jewellery
 m - an uncursed ring of wizardry
 p - a ring of poison resistance (right branch)
Scrolls
 g - 2 scrolls of identify
 j - a scroll of blinking {unknown}
 n - 2 scrolls of fog {unknown}
 o - a scroll of remove curse {unknown}
 s - a scroll of enchant weapon {unknown}
 u - a scroll of immolation {unknown}
Potions
 h - 2 potions of curing
 i - a potion of berserk rage {unknown}
 k - a potion of lignification
 l - a potion of haste {unknown}
 q - a potion of magic {unknown}
 v - a potion of degeneration {unknown}
 w - a potion of mutation {unknown}
Comestibles
 f - 4 bread rations
 t - a meat ration


   Skills:
 + Level 2.6 Fighting
 + Level 6.2 Polearms
 + Level 2.1 Throwing
 + Level 1.2 Armour
 + Level 5.2 Dodging


You had 4 spell levels left.
You didn't know any spells.

Dungeon Overview and Level Annotations

Branches:
Dungeon (3/15)

Altars:
Kikubaaqudgha
Makhleb
Okawaru


Message History

The orc priest invokes the aid of Beogh against you.
You are unaffected.
The orc hits you but does no damage.
You barely miss the orc priest.
The orc priest is severely wounded.
The orc priest looks encouraged for a moment.
You hit the orc priest but do no damage.
The orc priest is severely wounded.
The orc hits you from afar with a trident.
* * * LOW HITPOINT WARNING * * *
The orc priest hits you with a club.
* * * LOW HITPOINT WARNING * * *
You barely miss the orc priest.
The orc priest is severely wounded.
The orc hits you but does no damage. The orc priest barely misses you.
You barely miss the orc priest.
The orc priest is severely wounded.
The orc hits you but does no damage.
The orc priest invokes the aid of Beogh against you.
Beogh smites you!
You die...

#.# #.# #.#
#.# #o# #.#
#o# #.# #o#
#.# #o# #.#
#.# #.#
##o#########.#
#..o♣........#
##############


You could see an orc priest and an orc.

Vanquished Creatures
  Terence (D:2)
  The ghost of Vesto the Firebug, a weakling OpFE (D:3)
  An adder (D:3)
  An ooze (D:1)
  A worm (D:3)
  3 dart slugs
  2 leopard geckos (D:3)
  5 orcs (D:3)
  3 giant cockroaches
  11 goblins
  5 hobgoblins
  2 jackals (D:1)
  8 bats
  3 frilled lizards
  9 kobolds
  5 rats
61 creatures vanquished.

Notes
Turn   | Place    | Note
-------+----------+-------------------------------------------
     0 | D:1      | Malachi the Merfolk Gladiator began the quest for the Orb.
     0 | D:1      | Reached XP level 1. HP: 16/16 MP: 1/1
   550 | D:1      | Reached XP level 2. HP: 23/23 MP: 2/2
   874 | D:1      | Reached XP level 3. HP: 25/28 MP: 3/3
  1060 | D:2      | Reached skill level 5 in Polearms
  1227 | D:2      | Noticed Terence
  1235 | D:2      | Killed Terence
  1235 | D:2      | Reached XP level 4. HP: 30/34 MP: 4/4
  1253 | D:2      | Found an ancient bone altar of Kikubaaqudgha.
  1481 | D:2      | Found a burning altar of Makhleb.
  1481 | D:2      | Found an iron altar of Okawaru.
  1619 | D:3      | Reached skill level 5 in Dodging
  1709 | D:3      | Noticed Vesto's ghost (weakling OpFE)
  1719 | D:3      | Killed Vesto's ghost
  1719 | D:3      | Reached skill level 1 in Armour
  1767 | D:3      | Reached skill level 6 in Polearms
  2151 | D:3      | Reached XP level 5. HP: 39/39 MP: 5/5
  2559 | D:3      | Killed from afar by an orc priest

Skill      XL: |  1  2  3  4 |
---------------+-------------+-----
Polearms       | 5 6 |  6.2
Dodging        | 5 |  5.2
Armour         | 1 |  1.2
Fighting       | |  2.6
Throwing       | |  2.1

Action                   |  1- 3 |  4- 6 || total
-------------------------+-------+-------++-------
Melee: Trident           |    97 |   133 ||   230
  Use: Scroll            |     2 |       ||     2
       Potion            |       |     1 ||     1
 Stab: Sleeping          |       |     3 ||     3
  Eat: Chunk             |     1 |     3 ||     4
Armor: Leather armour    |    22 |    16 ||    38
       Skin              |       |    18 ||    18
Dodge: Dodged            |    60 |    60 ||   120
